 Dungeon Crawl Stone Soup version 0.19.4 (webtiles) character file.

107 Gargoyl the Skirmisher (level 4, -2/38 (40) HPs)
             Began as a Ghoul Abyssal Knight on Feb 4, 2017.
             Was a Follower of Lugonu.
             Slain by a gnoll
             ... wielding a +0 spear
              (4 damage)
             ... on level 3 of the Dungeon.
             The game lasted 00:02:56 (1149 turns).

Gargoyl the Skirmisher (Ghoul Abyssal Knight)       Turns: 1149, Time: 00:02:56

HP:   -2/38 (40)    AC:  5    Str: 15    XL:     4   Next: 86%
MP:   5/5           EV: 10    Int:  7    God:    Lugonu [*.....]
Gold: 72            SH:  0    Dex:  9    Spells: 0 memorised, 3 levels left

rFire  + . .     SeeInvis .     a - +1 hand axe
rCold  + . .     Gourm    .     n - +0 ring mail
rNeg   + + +     Faith    .     (no shield)
rPois  ∞         Spirit   .     (no helmet)
rElec  .         Reflect  .     (no cloak)
rCorr  .         Harm     .     (no gloves)
MR     .....                    (no boots)
Stlth  ..........               (no amulet)
                                (no ring)
                                d - ring of protection from fire

@: rotting
A: rotting body, claws 1, carnivore 3, cold resistance 1, negative energy
resistance 3, slow regeneration 1, torment resistance, unbreathing
a: Depart the Abyss, Renounce Religion


You were on level 3 of the Dungeon.
You worshipped Lugonu.
Lugonu was aware of your devotion.
You were not hungry.

You visited 1 branch of the dungeon, and saw 3 of its levels.
You visited the Abyss 1 time.

You collected 72 gold pieces.

Inventory:

Hand Weapons
 a - a +1 hand axe (weapon)
Missiles
 h - 3 javelins (quivered)
Armour
 n - a +0 ring mail (worn)
Jewellery
 d - a ring of protection from fire (left claw)
Scrolls
 e - 3 scrolls of remove curse {unknown}
 i - a scroll of fog {unknown}
 k - a scroll of identify
 l - a scroll of noise {unknown}
Potions
 f - a potion of lignification {unknown}
 j - a potion of curing
 o - 3 potions of brilliance {unknown}
 p - a potion of beneficial mutation {unknown}
Comestibles
 b - a beef jerky
 c - 3 meat rations
 g - a slice of pizza


   Skills:
 + Level 4.1 Fighting
 + Level 2.8 Axes
 * Level 2.3 Armour
 + Level 1.1 Dodging
 * Level 3.1 Invocations


You had 3 spell levels left.
You didn't know any spells.

Dungeon Overview and Level Annotations

Branches:
Dungeon (3/15)

Altars:


Innate Abilities, Weirdness & Mutations

Your body is rotting away.
You thrive on raw meat.
You are immune to poison.
You have sharp fingernails.
You are carnivorous and can eat meat at any time.
Your flesh is cold resistant. (rC+)
You are immune to negative energy. (rN+++)
You regenerate slowly when monsters are visible.
You are immune to unholy pain and torment.
You can survive without breathing.


Message History

* * * LOW HITPOINT WARNING * * *
You hit the gnoll but do no damage.
The gnoll is severely wounded.
You hit the gnoll. The gnoll barely misses you. x2
You hit the gnoll but do no damage.
The gnoll is severely wounded.
You closely miss the gnoll. The gnoll hits you but does no damage.
The gnoll hits you with a spear.
* * * LOW HITPOINT WARNING * * *
You closely miss the gnoll.
The gnoll is severely wounded.
You barely miss the gnoll. The gnoll hits you with a spear.
* * * LOW HITPOINT WARNING * * *
The gnoll hits you but does no damage.
You hit the gnoll.
The gnoll is severely wounded.
You closely miss the gnoll. The gnoll hits you with a spear.
* * * LOW HITPOINT WARNING * * *
The gnoll barely misses you. The gnoll hits you with a spear.
You die...

# ....######
#......#
######.#####
####..@..######
.......g.g...^..#
#####...........#
##......[...#
#..........#
#.........(#
#..........#
############


You could see 2 gnolls.

Vanquished Creatures
  Jessica (D:3)
  Natasha (twice) (D:2)
  An adder (D:2)
  An ooze (D:1)
  A dart slug (D:1)
  2 giant cockroaches (D:1)
  A goblin (D:1)
  3 hobgoblins (D:1)
  2 bats (D:1)
  A frilled lizard (D:1)
  4 kobolds (D:1)
  3 rats (D:1)
22 creatures vanquished.

Notes
Turn   | Place    | Note
-------+----------+-------------------------------------------
     0 | Abyss:1  | Gargoyl the Ghoul Abyssal Knight began the quest for the Orb.
     0 | Abyss:1  | Reached XP level 1. HP: 19/19 MP: 1/1
    62 | Abyss:1  | Noticed a wretched star
    63 | D:1      | Escaped the Abyss
   157 | D:1      | Reached XP level 2. HP: 26/26 MP: 2/2
   160 | D:1      | Reached * piety under Lugonu
   592 | D:1      | Reached skill level 1 in Dodging
   702 | D:2      | Noticed Natasha
   706 | D:2      | Killed Natasha
   706 | D:2      | Reached XP level 3. HP: 23/33 MP: 2/4
   763 | D:2      | Reached XP level 4. HP: 36/40 MP: 5/5
   902 | D:2      | Noticed Natasha
   912 | D:2      | Killed Natasha
   912 | D:2      | Reached skill level 4 in Fighting
  1057 | D:3      | Noticed Jessica
  1078 | D:3      | Killed Jessica
  1149 | D:3      | Slain by a gnoll

Skill      XL: |  1  2  3  4 |
---------------+-------------+-----
Armour         | 2 |  2.3
Axes           | 2 |  2.8
Dodging        | 1 |  1.1
Fighting       | 4 |  4.1
Invocations    | 3 |  3.1

Action                   |  1- 3 |  4- 6 || total
-------------------------+-------+-------++-------
Melee: Hand axe          |    64 |    29 ||    93
Invok: Depart the Abyss  |     1 |       ||     1
  Use: Scroll            |     1 |       ||     1
  Eat: Chunk             |     9 |       ||     9
Armor: Leather armour    |    12 |       ||    12
       Ring mail         |     9 |     7 ||    16
Dodge: Dodged            |    50 |    20 ||    70
